 Dungeon Crawl Stone Soup version 0.19.1-1-g22dce08 (webtiles) character file.

35 ponk the Magician (level 3, 0/24 HPs)
             Began as a Mummy Wizard on Jan 12, 2017.
             Slain by a bullfrog (3 damage)
             ... on level 2 of the Dungeon.
             The game lasted 00:05:08 (3017 turns).

ponk the Magician (Mummy Wizard)                    Turns: 3017, Time: 00:05:08

Health: 0/24       AC:  2    Str: 10    XL:     3   Next: 17%
Magic:  7/7        EV: 12    Int: 18    God:
Gold:   79         SH:  0    Dex: 10    Spells: 1 memorised, 7 levels left

rFire  x . .     SeeInvis .     f - +1 dagger (pain)
rCold  + . .     Gourm    .     a - +0 robe
rNeg   + + +     Faith    .     (no shield)
rPois  ∞         Spirit   .     b - +0 hat
rElec  .         Reflect  .     (no cloak)
rCorr  .         Harm     .     (no gloves)
MR     .....                    (no boots)
Stlth  ++........               (no amulet)
                                (no ring)
                                (no ring)

@: no status effects
A: no food or potions, fire vulnerability, cold resistance 1, negative energy
resistance 3, torment resistance, unbreathing
a: no special abilities


You were on level 2 of the Dungeon.
You were not hungry.

You visited 1 branch of the dungeon, and saw 2 of its levels.

You collected 79 gold pieces.

Inventory:

Hand Weapons
 f - a +1 dagger of pain (weapon)
Armour
 a - a +0 robe (worn)
 b - a +0 hat (worn)
Scrolls
 d - 2 scrolls of identify {unknown}
 e - a scroll of fog {unknown}
 g - a scroll of remove curse {unknown}
 h - a scroll of enchant armour {unknown}
 i - a scroll of teleportation {unknown}
 j - a scroll of enchant weapon {unknown}
Books
 c - a book of Minor Magic

   Spells                             Type                      Level
   a - Magic Dart                     Conjuration                  1
   b - Blink                          Translocation                2
   c - Call Imp                       Summoning                    2
   d - Repel Missiles                 Charms/Air                   2
   e - Slow                           Hexes                        2
   f - Conjure Flame                  Conjuration/Fire             3
   g - Mephitic Cloud                 Conjuration/Poison/Air       3


   Skills:
 - Level 0.2 Short Blades
 - Level 1.6 Dodging
 - Level 1.7 Stealth
 - Level 3.3 Spellcasting
 + Level 1.8 Conjurations
   Level 0.7 Summonings
   Level 0.7 Translocations


You had 7 spell levels left.
You knew the following spells:

 Your Spells              Type           Power        Failure   Level  Hunger
a - Magic Dart            Conj           #...         10%         1    N/A

Dungeon Overview and Level Annotations

Branches:
Dungeon (2/15)

Altars:
Qazlal


Innate Abilities, Weirdness & Mutations

You do not eat or drink.
Your flesh is vulnerable to fire.
You are immune to poison.
Your flesh is cold resistant. (rC+)
You are immune to negative energy. (rN+++)
You are immune to unholy pain and torment.
You can survive without breathing.


Message History

You start resting.
The bullfrog croaks.
You hit the bullfrog.
The bullfrog is lightly wounded.
The bullfrog hits you.
You hit the bullfrog.
The bullfrog is moderately wounded.
The bullfrog hits you. The bullfrog hits you!
* * * LOW HITPOINT WARNING * * *
You barely miss the bullfrog.
The bullfrog is moderately wounded.
The bullfrog hits you.
* * * LOW HITPOINT WARNING * * *
The bullfrog closely misses you.
You see here a club.
The bullfrog barely misses you. The bullfrog barely misses you.
The bullfrog barely misses you. The bullfrog hits you.
You die...

######......###
#.......).....#
.####..#####.##
#..).....†.
#.#####.#.......#
#.........###.#.#
..####.#.##
#.###F###.# #.##@##
#.# #...## #.# ###
#.##.## ## ..#
#.###.## #.# #####
#......# #.# ##...##
#.#####.# #.#
#.....###.#####.#
#.###................
#.....%.......#####.#.


You could see a bullfrog.

Vanquished Creatures
  7 bats
  A giant cockroach (D:1)
  8 goblins
  6 hobgoblins
  2 kobolds
  3 frilled lizards (D:1)
  4 rats (D:1)
31 creatures vanquished.

Notes
Turn   | Place    | Note
-------+----------+-------------------------------------------
     0 | D:1      | ponk the Mummy Wizard began the quest for the Orb.
     0 | D:1      | Reached XP level 1. HP: 13/13 MP: 4/4
   545 | D:1      | Reached XP level 2. HP: 18/19 MP: 6/6
   955 | D:1      | Reached skill level 1 in Conjurations
  2418 | D:2      | Reached XP level 3. HP: 22/24 MP: 4/7
  2900 | D:2      | Found a stormy altar of Qazlal.
  2977 | D:2      | Noticed a bullfrog
  3017 | D:2      | Slain by a bullfrog

Skill      XL: |  1  2 |
---------------+-------+-----
Conjurations   | 1 |  1.8
Short Blades   | |  0.2
Dodging        | |  1.6
Stealth        | |  1.7
Spellcasting   | |  3.3
Summonings     | |  0.7
Translocations | |  0.7

Action                   || total
-------------------------++-------
Melee: Dagger            ||    39
       Unarmed           ||     7
 Cast: Magic Dart        ||    58
 Stab: Sleeping          ||     2
Armor: Robe              ||    23
Dodge: Dodged            ||    42
